 Dungeon Crawl Stone Soup version 0.22-b1-21-g5cfc168 (webtiles) character file.

138 letownia2 the Insei (level 5, 27/38 HPs)
             Began as a Demonspawn Transmuter on Aug 5, 2018.
             Quit the game on level 3 of the Dungeon.
             The game lasted 00:06:41 (1243 turns).

letownia2 the Insei (Demonspawn Transmuter)         Turns: 1243, Time: 00:06:42

Health: 27/38      AC:  2    Str: 11    XL:     5   Next: 1%
Magic:  5/8        EV: 19    Int: 15    God:
Gold:   106        SH:  0    Dex: 21    Spells: 2/8 levels left

rFire    . . .     SeeInvis .     - Unarmed
rCold    . . .     Gourm    +   (shield currently unavailable)
rNeg     . . .     Faith    .   (armour currently unavailable)
rPois    x         Spirit   .   (helmet currently unavailable)
rElec    .         Reflect  .   (cloak currently unavailable)
rCorr    .         Harm     .   (gloves currently unavailable)
MR       .....                  (boots currently unavailable)
Stlth    ++........             c - amulet of the gourmand
HPRegen  0.12/turn              (no ring)
MPRegen  0.11/turn              l - +3 ring of dexterity

@: spider-form (expiring)
A: tiny
a: End Transformation


You were on level 3 of the Dungeon.
You were full.
You were a venomous arachnid creature.
You visited 1 branch of the dungeon, and saw 3 of its levels.

You collected 106 gold pieces.

Inventory:

Missiles
 a - 12 arrows
Armour
 b - a +0 robe (melded)
 g - a +0 scale mail
Jewellery
 c - an amulet of the gourmand (around neck)
 i - an uncursed ring of fire
 l - a +3 ring of dexterity (right front leg)
Scrolls
 e - 2 scrolls of remove curse {unknown}
 f - 2 scrolls of amnesia {unknown}
 h - a scroll of magic mapping {unknown}
 j - 2 scrolls of blinking {unknown}
Potions
 k - a potion of lignification {unknown}
Comestibles
 d - 4 rations
 m - a chunk of flesh


   Skills:
 - Level 1.9 Fighting
 - Level 1.7 Dodging
 + Level 4.0 Unarmed Combat
 - Level 2.0 Spellcasting
 - Level 2.3 Transmutations
 - Level 2.2 Poison Magic


You had 2 spell levels left.
You knew the following spells:

 Your Spells              Type           Power        Failure   Level  Hunger
a - Beastly Appendage     Tmut           #.....       22%         1    #......
l - Sticks to Snakes      Tmut           #.......     30%         2    ###....
p - Spider Form           Tmut/Pois      #.........   47%         3    ###....

Your spell library contained the following spells:

 Spells                   Type           Power        Failure   Level  Hunger
 Blade Hands              Tmut           #.........   98%         5    ######.
 Ice Form                 Ice/Tmut       #.......     92%         4    #####..


Dungeon Overview and Level Annotations

Branches:
Dungeon (3/15)

Altars:
Cheibriados


Innate Abilities, Weirdness & Mutations

((You have a pair of small antennae on your head.))
((When seriously injured, your bleeding wounds create thick armour. (AC +0)))


Message History

You have reached level 5!
Your demonic ancestry asserts itself...
A pair of antennae grows on your head!
The gnoll hits you from afar with a spear.
The gnoll completely misses you.
Things that are here:
a halberd; a gnoll corpse You hit the gnoll.
The gnoll is lightly wounded.
The gnoll closely misses you.
You barely miss the gnoll.
The gnoll is lightly wounded.
The gnoll hits you with a spear.
You bite the gnoll!
The gnoll is poisoned.
The gnoll is severely wounded.
The gnoll closely misses you.
You hit the gnoll.
The gnoll looks as sick as possible!
The gnoll is severely wounded.
The gnoll completely misses you.
Are you sure you want to abandon this character and quit the game? (Confirm with "yes".)

#.........#
#..........
#.........#
########g........#
#.....g..........#
#.####...........#
#.# #...#########
#g# #...# #s#
#...# #)# #...#
#.# #...# #.#
#...# #.# #####
##.### #....#
####.# ####### #.#
#.).<..


You could see a gnoll.

Vanquished Creatures
  Jessica (D:2)
  A gnoll (D:3)
  3 adders (D:2)
  2 oozes
  5 dart slugs
  3 leopard geckos
  5 bats
  2 giant cockroaches
  7 goblins
  2 hobgoblins
  9 kobolds
  A quokka (D:2)
  A ball python (D:2)
  7 frilled lizards
  8 rats
57 creatures vanquished.

Notes
Turn   | Place    | Note
-------+----------+-------------------------------------------
     0 | D:1      | letownia2 the Demonspawn Transmuter began the quest for the Orb.
     0 | D:1      | Reached XP level 1. HP: 15/15 MP: 3/3
   110 | D:1      | Reached skill level 3 in Unarmed Combat
   110 | D:1      | Gained mutation: When seriously injured, your bleeding wounds create armour. (AC +0) [demonic ancestry]
   110 | D:1      | Reached XP level 2. HP: 2/21 MP: 3/5
   300 | D:1      | Learned a level 2 spell: Sticks to Snakes
   439 | D:1      | Reached XP level 3. HP: 15/26 MP: 4/6
   449 | D:1      | Learned a level 3 spell: Spider Form
   701 | D:2      | Reached skill level 1 in Poison Magic
   961 | D:2      | Gained mutation: When seriously injured, your bleeding wounds create thick armour. (AC +0) [demonic ancestry]
   961 | D:2      | Reached XP level 4. HP: 18/32 MP: 5/7
  1005 | D:2      | Found a snail-covered altar of Cheibriados.
  1024 | D:2      | Noticed Jessica
  1035 | D:2      | Killed Jessica
  1237 | D:3      | Reached skill level 4 in Unarmed Combat
  1237 | D:3      | Gained mutation: You have a pair of small antennae on your head. [demonic ancestry]
  1237 | D:3      | Reached XP level 5. HP: 34/38 MP: 4/8
  1243 | D:3      | Quit the game

Skill      XL: |  1  2  3  4 |
---------------+-------------+-----
Unarmed Combat | 3 4 |  4.0
Poison Magic   | 1 2 |  2.2
Transmutations | 2 |  2.3
Fighting       | |  1.9
Dodging        | |  1.7
Spellcasting   | |  2.0

Action                   |  1- 3 |  4- 6 || total
-------------------------+-------+-------++-------
Melee: Unarmed           |   185 |    50 ||   235
       Kick              |     5 |       ||     5
       Headbutt          |     7 |     3 ||    10
       Punch             |     2 |       ||     2
 Cast: Beastly Appendage |    15 |     3 ||    18
       Spider Form       |       |     2 ||     2
 Stab: Sleeping          |     2 |       ||     2
  Eat: Chunk             |     6 |     2 ||     8
Armor: Robe              |    44 |    13 ||    57
       Skin              |       |     1 ||     1
Dodge: Dodged            |   103 |    32 ||   135
